PA
CHICAGO TULA @ GWINNETT COUNTY BLACK CATS
07/31/2028
 
TOP OF THE 1ST
Chicago Tula batting - Pitching for Gwinnett County Black Cats : RHP Rich Choquette
Pitching: RHP Rich Choquette
Batting: RHB Jesús Recesvinto 0-0: Ground out U3 (Groundball, 34)
Batting: RHB Rubén Arce 0-0: Ground out 6-3 (Groundball, 6)
Batting: RHB Rand McNally 0-0: Called Strike
0-1: Called Strike
0-2: Ball
1-2: Ball
2-2: Foul Ball, location: 2F
2-2: Foul Ball, location: 2F
2-2: Foul Ball, location: 2F
2-2: Fly out, F4 (Line Drive, 4)
Top of the 1st over - 0 run(s), 0 hit(s), 0 error(s), 0 left on base; Chicago 0 - Gwinnett County 0
BOTTOM OF THE 1ST
Gwinnett County Black Cats batting - Pitching for Chicago Tula : LHP Javier Romero
Pitching: LHP Javier Romero
Batting: RHB Sidney Mackell 0-0: Ball
1-0: Ball
2-0: Ball
3-0: Called Strike
3-1: Foul Ball, location: 2F
3-2: Base on Balls
Batting: SHB Raúl Rodríguez 0-0: Ball
1-0: Foul Ball, location: 2F
1-1: Ball
2-1: Swinging Strike
2-2: Strikes out swinging
Batting: RHB Matt Jeong 0-0: Ball
1-0: Ball
2-0: Called Strike
2-1: Swinging Strike
2-2: Ball
3-2: Grounds into double play, 4-6-3 (Groundball, 4)
Bottom of the 1st over - 0 run(s), 0 hit(s), 0 error(s), 0 left on base; Chicago 0 - Gwinnett County 0
TOP OF THE 2ND
Chicago Tula batting - Pitching for Gwinnett County Black Cats : RHP Rich Choquette
Batting: RHB Tommy Socorro 0-0: Foul Ball, location: 2F
0-1: Called Strike
0-2: Strikes out swinging
Batting: RHB Alfonso Morín 0-0: Ground out 5-3 (Groundball, 5S)
Batting: RHB Mike Majewski 0-0: Fly out, F9 (Flyball, 9S)
Top of the 2nd over - 0 run(s), 0 hit(s), 0 error(s), 0 left on base; Chicago 0 - Gwinnett County 0
BOTTOM OF THE 2ND
Gwinnett County Black Cats batting - Pitching for Chicago Tula : LHP Javier Romero
Batting: LHB Edgardo De Jesús 0-0: Foul Ball, location: 2F
0-1: Foul Ball, location: 2F
0-2: Ball
1-2: Ball
2-2: Ball
3-2: SINGLE (Groundball, 56S) (infield hit)
Batting: RHB Juan Pedraza 0-0: Ground out 5-3 (Groundball, 5S)
Edgardo De Jesús to second
Batting: RHB Chang-lit Min 0-0: Ball
1-0: Called Strike
1-1: Foul Ball, location: 2F
1-2: Ground out 1-3 (Groundball, P)
Edgardo De Jesús to third
Batting: RHB Scott McMahon 0-0: Called Strike
0-1: Called Strike
0-2: Foul Ball, location: 2F
0-2: Foul Ball, location: 2F
0-2: Ball
1-2: Foul Ball, location: 2F
1-2: Strikes out swinging
Bottom of the 2nd over - 0 run(s), 1 hit(s), 0 error(s), 1 left on base; Chicago 0 - Gwinnett County 0
TOP OF THE 3RD
Chicago Tula batting - Pitching for Gwinnett County Black Cats : RHP Rich Choquette
Batting: RHB Edgar Baeza 0-0: Reached on error, E5 (Groundball, 56)
Batting: SHB Dave Atkins 0-0: Ball
1-0: Ball
2-0: Ball
3-0: Called Strike
3-1: Foul Ball, location: 2F
3-2: SINGLE (Line Drive, 4MD)
Edgar Baeza to second
Batting: RHB Syed Sarkar 0-0: Ball
1-0: Ball
2-0: Foul Ball, location: 2F
2-1: Swinging Strike
2-2: Strikes out swinging
Batting: RHB Jesús Recesvinto 0-0: Foul Ball, location: 2F
0-1: Ball
1-1: Foul Ball, location: 2F
1-2: Ball
2-2: Strikes out swinging
Batting: RHB Rubén Arce 0-0: Ball
1-0: Foul Ball, location: 2F
1-1: SINGLE (Line Drive, 78M)
Edgar Baeza to third
Dave Atkins to second
Batting: RHB Rand McNally 0-0: Swinging Strike
0-1: Called Strike
0-2: Strikes out looking
Top of the 3rd over - 0 run(s), 2 hit(s), 1 error(s), 3 left on base; Chicago 0 - Gwinnett County 0
BOTTOM OF THE 3RD
Gwinnett County Black Cats batting - Pitching for Chicago Tula : LHP Javier Romero
Batting: RHB Rikky van Opel 0-0: Fly out, F4 (Popup, 4)
Batting: RHB Kauna Aleferede 0-0: Ball
1-0: Foul Ball, location: 2F
1-1: Ball
2-1: Ball
3-1: Called Strike
3-2: Foul Ball, location: 2F
3-2: Foul Ball, location: 2F
3-2: Strikes out swinging
Batting: RHB Sidney Mackell 0-0: Ball
1-0: Swinging Strike
1-1: Foul Ball, location: 2F
1-2: Foul Ball, location: 2F
1-2: Strikes out swinging
Bottom of the 3rd over - 0 run(s), 0 hit(s), 0 error(s), 0 left on base; Chicago 0 - Gwinnett County 0
TOP OF THE 4TH
Chicago Tula batting - Pitching for Gwinnett County Black Cats : RHP Rich Choquette
Batting: RHB Tommy Socorro 0-0: Ball
1-0: Ball
2-0: Ground out 4-3 (Groundball, 4)
Batting: RHB Alfonso Morín 0-0: Called Strike
0-1: Ball
1-1: Foul Ball, location: 2F
1-2: Ball
2-2: Strikes out swinging
Batting: RHB Mike Majewski 0-0: Called Strike
0-1: Called Strike
0-2: Ball
1-2: Hit by Pitch
Batting: RHB Edgar Baeza 0-0: Ball
1-0: Called Strike
1-1: Ball
2-1: Ball
3-1: Base on Balls
Mike Majewski to second
Batting: SHB Dave Atkins 0-0: Called Strike
0-1: Ball
1-1: Ball
2-1: Swinging Strike
2-2: Fly out, F8 (Flyball, 8LD)
Top of the 4th over - 0 run(s), 0 hit(s), 0 error(s), 2 left on base; Chicago 0 - Gwinnett County 0
BOTTOM OF THE 4TH
Gwinnett County Black Cats batting - Pitching for Chicago Tula : LHP Javier Romero
Batting: SHB Raúl Rodríguez 0-0: Swinging Strike
0-1: Ball
1-1: Called Strike
1-2: DOUBLE (Line Drive, 78D)
Batting: RHB Matt Jeong 0-0: Ball
1-0: SINGLE (Line Drive, 6M)
Raúl Rodríguez to third
Batting: LHB Edgardo De Jesús 0-0: Called Strike
0-1: Foul Ball, location: 2F
0-2: Ball
1-2: Fielders Choice at 2nd, 4-6 (Groundball, 4)
Raúl Rodríguez scores
Batting: RHB Juan Pedraza 0-0: Called Strike
0-1: Ball
1-1: Ball
2-1: Ball
3-1: Foul Ball, location: 2F
3-2: Strikes out swinging
Edgardo De Jesús is caught stealing 2nd base
Batter strikes out.
Bottom of the 4th over - 1 run(s), 2 hit(s), 0 error(s), 0 left on base; Chicago 0 - Gwinnett County 1
TOP OF THE 5TH
Chicago Tula batting - Pitching for Gwinnett County Black Cats : RHP Rich Choquette
Batting: RHB Syed Sarkar 0-0: Called Strike
0-1: Called Strike
0-2: Ball
1-2: Ball
2-2: Foul Ball, location: 2F
2-2: Strikes out swinging
Batting: RHB Jesús Recesvinto 0-0: SINGLE (Groundball, 6MD)
Batting: RHB Rubén Arce 0-0: Ball
1-0: Swinging Strike
1-1: Grounds into double play, 1-4-3 (Groundball, 15)
Top of the 5th over - 0 run(s), 1 hit(s), 0 error(s), 0 left on base; Chicago 0 - Gwinnett County 1
BOTTOM OF THE 5TH
Gwinnett County Black Cats batting - Pitching for Chicago Tula : LHP Javier Romero
Batting: RHB Chang-lit Min 0-0: Ball
1-0: Ball
2-0: Called Strike
2-1: Foul Ball, location: 2F
2-2: Foul Ball, location: 2F
2-2: Strikes out swinging
Batting: RHB Scott McMahon 0-0: Ball
1-0: Ball
2-0: Swinging Strike
2-1: Swinging Strike
2-2: Strikes out looking
Batting: RHB Rikky van Opel 0-0: Foul Ball, location: 2F
0-1: Swinging Strike
0-2: SINGLE (Flyball, 89S)
Batting: RHB Kauna Aleferede 0-0: Ball
1-0: Foul Ball, location: 2F
1-1: Foul Ball, location: 2F
1-2: Ball
2-2: Strikes out looking
Bottom of the 5th over - 0 run(s), 1 hit(s), 0 error(s), 1 left on base; Chicago 0 - Gwinnett County 1
TOP OF THE 6TH
Chicago Tula batting - Pitching for Gwinnett County Black Cats : RHP Rich Choquette
Batting: RHB Rand McNally 0-0: Ball
1-0: Called Strike
1-1: Swinging Strike
1-2: Ball
2-2: Ball
3-2: Ground out 1-3 (Groundball, P)
Batting: RHB Tommy Socorro 0-0: Called Strike
0-1: Ball
1-1: SINGLE (Line Drive, 7LS)
Batting: RHB Alfonso Morín 0-0: Ball
1-0: Fly out, F8 (Flyball, 8LD)
Batting: RHB Mike Majewski 0-0: Ball
1-0: Ball
2-0: Foul Ball, location: 2F
2-1: Foul Ball, location: 2F
2-2: Ball
3-2: Reached on error, E5 (Groundball, 56)
Tommy Socorro to second
Batting: RHB Edgar Baeza 0-0: Foul Ball, location: 2F
0-1: Ball
Wild Pitch!
Tommy Socorro to third
Mike Majewski to second
1-1: Called Strike
1-2: Ground out 5-3 (Groundball, 56S)
Top of the 6th over - 0 run(s), 1 hit(s), 1 error(s), 2 left on base; Chicago 0 - Gwinnett County 1
BOTTOM OF THE 6TH
Gwinnett County Black Cats batting - Pitching for Chicago Tula : LHP Javier Romero
Batting: RHB Sidney Mackell 0-0: SINGLE (Groundball, 56) (infield hit)
Batting: SHB Raúl Rodríguez 0-0: Sac Bunt - play at first, batter OUT! 5-4
Sidney Mackell to second
Batting: RHB Matt Jeong 0-0: Foul Ball, location: 2F
0-1: Swinging Strike
0-2: Foul Ball, location: 2F
0-2: Ground out 6-3 (Groundball, 6)
Sidney Mackell to third
Batting: LHB Edgardo De Jesús 0-0: Ball
1-0: Foul Ball, location: 2F
1-1: Ball
2-1: Foul Ball, location: 2F
2-2: Ball
3-2: Fly out, F8 (Flyball, 8RS)
Bottom of the 6th over - 0 run(s), 1 hit(s), 0 error(s), 1 left on base; Chicago 0 - Gwinnett County 1
TOP OF THE 7TH
Chicago Tula batting - Pitching for Gwinnett County Black Cats : RHP Rich Choquette
Batting: SHB Dave Atkins 0-0: Called Strike
0-1: Foul Ball, location: 2F
0-2: Ball
1-2: SINGLE (Line Drive, 34S)
Pinch Hitting: RHB Sisay Jitu 0-0: Ball
1-0: Ball
2-0: Foul Ball, location: 2F
2-1: Swinging Strike
2-2: Strikes out swinging
Pinch Hitting: SHB Holden Nolan 0-0: Ball
1-0: Ball
2-0: Called Strike
2-1: Called Strike
2-2: Ball
3-2: Foul Ball, location: 2F
3-2: Base on Balls
Dave Atkins to second
Pinch Hitting: LHB Raphaël Duval 0-0: Called Strike
0-1: Called Strike
0-2: Ball
1-2: Strikes out swinging
Batting: RHB Rand McNally 0-0: Ball
1-0: Swinging Strike
1-1: SINGLE (Line Drive, 4M)
Dave Atkins to third
Holden Nolan to second
Batting: RHB Tommy Socorro 0-0: Ball
1-0: Ball
2-0: Fly out, F6 (Flyball, 6MD)
Top of the 7th over - 0 run(s), 2 hit(s), 0 error(s), 3 left on base; Chicago 0 - Gwinnett County 1
BOTTOM OF THE 7TH
Gwinnett County Black Cats batting - Pitching for Chicago Tula : LHP Javier Romero
Now at 1B: Sisay Jitu
Now in LF: Carlos Rúbio
Now in CF: Dani Durán
Batting: RHB Juan Pedraza 0-0: Foul Ball, location: 2F
0-1: Foul Ball, location: 2F
0-2: Strikes out swinging
Batting: RHB Chang-lit Min 0-0: Swinging Strike
0-1: Called Strike
0-2: Fly out, F9 (Flyball, 9S)
Batting: RHB Scott McMahon 0-0: Ball
1-0: Called Strike
1-1: Ball
2-1: Swinging Strike
2-2: Foul Ball, location: 2F
2-2: Ground out 4-3 (Groundball, 4)
Bottom of the 7th over - 0 run(s), 0 hit(s), 0 error(s), 0 left on base; Chicago 0 - Gwinnett County 1
TOP OF THE 8TH
Chicago Tula batting - Pitching for Gwinnett County Black Cats : RHP Rich Choquette
Batting: RHB Alfonso Morín 0-0: Ball
1-0: Called Strike
1-1: Ball
2-1: Fly out, F2 (Popup, 3S)
Pitching: RHP Armond Bocci
Batting: RHB Mike Majewski 0-0: Ball
1-0: Swinging Strike
1-1: Fly out, F7 (Flyball, 7S)
Pitching: RHP Sonny Rubalcaba
Batting: RHB Edgar Baeza 0-0: Called Strike
0-1: Ball
1-1: Ground out 6-3 (Groundball, 6)
Top of the 8th over - 0 run(s), 0 hit(s), 0 error(s), 0 left on base; Chicago 0 - Gwinnett County 1
BOTTOM OF THE 8TH
Gwinnett County Black Cats batting - Pitching for Chicago Tula : LHP Javier Romero
Pitching: RHP Juan Costello
Batting: RHB Rikky van Opel 0-0: Ball
1-0: Foul Ball, location: 2F
1-1: Ball
2-1: Foul Ball, location: 2F
2-2: Strikes out swinging
Pitching: RHP Kenny Makris
Batting: RHB Kauna Aleferede 0-0: Called Strike
0-1: Ball
1-1: Ground out 1-3 (Groundball, 15S)
Batting: RHB Sidney Mackell 0-0: Foul Ball, location: 2F
0-1: Ball
1-1: SINGLE (Line Drive, 8LS)
Batting: SHB Raúl Rodríguez 0-0: Ball
1-0: Ball
2-0: Ball
Sidney Mackell is caught stealing 2nd base
Bottom of the 8th over - 0 run(s), 1 hit(s), 0 error(s), 0 left on base; Chicago 0 - Gwinnett County 1
TOP OF THE 9TH
Chicago Tula batting - Pitching for Gwinnett County Black Cats : RHP Sonny Rubalcaba
Pitching: RHP Ming-hoa Zhou
Batting: SHB Dave Atkins 0-0: Ball
1-0: Fly out, F9 (Flyball, 89S)
Batting: RHB Sisay Jitu 0-0: Called Strike
0-1: Foul Ball, location: 2F
0-2: Ball
1-2: Ground out 5-3 (Groundball, 5L)
Batting: RHB Carlos Rúbio 0-0: Called Strike
0-1: Foul Ball, location: 2F
0-2: Ball
1-2: Strikes out swinging
Top of the 9th over - 0 run(s), 0 hit(s), 0 error(s), 0 left on base; Chicago 0 - Gwinnett County 1
Monday, August 21st, 2017 - OOTP Baseball 17.12 Build 75